Map: Ulzaan

Players

OpuS - Winner!

  • Race: Protoss Protoss
  • League: Platinum
  • Spawn Location: 1:00

Sketchaphone - Winner!

  • Race: Zerg Zerg
  • League: Platinum
  • Spawn Location: 3:00

Ender

  • Race: Protoss Protoss
  • League: Diamond
  • Spawn Location: 9:00

bbb

  • Race: Protoss Protoss
  • Spawn Location: 11:00

VOD

Have the link to the VOD?

Description

Time

  • Played on: Feb. 20, 2019, 10:21 p.m.
  • Length: 11:46
Show
View Real Time Build Order
Export as new Build Order

OpuS Protoss - Winner!

Build Orders:  

Get SALT Encoding   

  12  0:00  Probe  
  13  0:13  Probe  
  14  0:20  Pylon  
  14  0:25  Probe  
  15  0:38  Probe  
  15  0:40  Gateway  
  16  0:46  Probe  
  16  0:56  Probe, Assimilator  
  17  0:59  Assimilator  
  18  1:08  Probe  
  19  1:19  Gateway  
  19  1:20  Probe  
  20  1:32  Probe  
  21  1:41  Probe  
  21  1:44  Cybernetics Core  
  22  1:47  Pylon  
  22  1:49  Probe  
  23  2:02  Probe  
  23  2:03  Pylon  
  24  2:10  Probe  
  25  2:23  Stalker x2  
  25  2:29  Twilight Council  
  29  2:37  Probe  
  29  2:47  Shield Battery  
  28  3:01  Stalker x2  
  32  3:36  Stalker, Charge  
  32  3:37  Stalker  
  32  3:40  Nexus  
  36  3:44  Pylon  
  36  3:55  Pylon  
  36  4:01  Probe  
  37  4:23  Gateway  
  37  4:24  Warp Gate  
  37  4:25  Gateway  
  37  4:31  Dark Shrine  
  35  5:05  Pylon  
  33  5:12  Probe x2  
  33  5:13  Robotics Facility  
  35  5:19  Stalker x3  
  41  5:21  Stalker  
  41  5:25  Probe  
  41  5:27  Probe  
  45  5:40  Shield Battery  
  45  5:53  Probe x2  
  47  5:58  Warp Prism  
  47  6:05  Probe x2  
  51  6:15  Dark Templar x3  
  57  6:22  Probe x2  
  59  6:27  Dark Templar  
  61  6:34  Probe x2  
  63  6:45  Assimilator  
  63  6:46  Probe, Assimilator  
  63  6:47  Probe  
  65  6:51  Gateway  
  65  6:54  Gateway  
  65  6:58  Probe  
  65  6:59  Probe  
  65  7:01  Blink  
  67  7:11  Probe  
  68  7:29  Probe x2  
  60  7:30  Zealot  
  60  7:31  Zealot x3  
  68  7:37  Templar Archives  
  68  7:52  Forge  
  68  7:54  Probe, Forge  
  68  7:55  Probe  
  68  7:58  Gateway  
  70  8:00  Gateway  
  70  8:02  Nexus  
  67  8:18  Zealot x6  
  67  8:32  Warp Prism  
  61  8:38  Protoss Ground Weapons Level 1  
  61  8:48  Protoss Ground Armor Level 1  
  61  8:50  Zealot x2  
  61  8:51  Zealot x3  
  61  8:53  Zealot  
  65  9:31  Probe x3  
  68  9:35  Dark Templar x3  
  68  9:36  Dark Templar  
  76  9:43  Probe  
  77  9:49  Probe x2  
  79  9:55  Probe  
  78  10:01  Probe x2  
  78  10:06  Pylon  
  74  10:07  Probe  
  74  10:08  Zealot x3  
  74  10:13  Probe  
  74  10:14  Probe  
  83  10:17  Stargate  
  83  10:19  Stargate  
  83  10:28  Zealot x3  
  85  10:29  Zealot x2  
  85  10:30  Zealot  
  95  10:37  Probe x3  
  98  10:50  Probe x2  
  98  10:51  Probe  
  101  11:12  Pylon  
  101  11:15  Pylon  
  101  11:16  Assimilator  
  99  11:19  Pylon  
  99  11:20  Pylon  
  99  11:21  Assimilator  
  99  11:26  Pylon  
  99  11:27  Probe x2  
  99  11:30  Probe  
  102  11:39  Shield Battery  
  102  11:43  Fleet Beacon  
Show
View Real Time Build Order
Export as new Build Order

Sketchaphone Zerg - Winner!

Build Orders: Hatch First, Roach Hydra 

Get SALT Encoding   

  12  0:03  Drone  
  13  0:12  Overlord  
  13  0:19  Drone  
  14  0:23  Drone, Extractor  
  15  0:34  Drone  
  16  0:36  Drone  
  17  0:57  Hatchery  
  17  0:58  Drone  
  17  1:08  Drone x2  
  17  1:09  Extractor  
  18  1:30  Spawning Pool  
  17  1:36  Drone  
  17  1:38  Drone  
  19  1:44  Overlord  
  19  1:56  Drone  
  20  2:04  Drone  
  21  2:15  Drone  
  22  2:16  Queen  
  22  2:17  Queen  
  26  2:24  Metabolic Boost  
  26  2:28  Drone  
  27  2:31  Roach Warren  
  27  2:33  Drone  
  27  2:48  Drone  
  27  2:49  Overlord  
  28  2:51  Drone x2  
  28  2:52  Drone  
  31  3:00  Zergling x2  
  31  3:05  Spine Crawler  
  31  3:08  Spine Crawler  
  30  3:14  Roach x2  
  30  3:18  Roach  
  36  3:21  Roach  
  36  3:24  Zergling x2  
  38  3:36  Roach  
  38  3:37  Overlord  
  40  3:45  Ravager  
  41  3:51  Ravager  
  42  3:56  Drone x2  
  44  4:03  Roach  
  44  4:04  Drone x2  
  44  4:06  Hatchery  
  47  4:11  Zergling x2  
  48  4:24  Queen  
  48  4:25  Overlord  
  48  4:26  Overlord, Drone  
  51  4:42  Spore Crawler  
  51  4:45  Spore Crawler  
  45  5:08  Overlord  
  45  5:10  Overlord  
  45  5:14  Extractor  
  45  5:16  Lair  
  45  5:18  Zergling x6  
  45  5:19  Zergling x18  
  56  5:34  Ravager  
  55  5:48  Queen  
  57  5:59  Drone x6  
  57  6:00  Drone x6  
  69  6:14  Overlord  
  69  6:16  Overlord  
  69  6:17  Zergling x4  
  71  6:30  Drone x4  
  71  6:32  Drone x2  
  77  6:33  Drone x2  
  77  6:37  Drone, Extractor  
  77  6:38  Drone  
  77  6:39  Extractor  
  79  6:41  Drone  
  79  6:47  Evolution Chamber  
  79  6:49  Evolution Chamber  
  78  6:58  Pneumatized Carapace  
  78  7:11  Glial Reconstitution  
  78  7:13  Zerg Missile Weapons Level 1  
  78  7:15  Zerg Ground Armor Level 1  
  78  7:22  Hydralisk Den, Extractor  
  76  7:23  Drone x4  
  76  7:26  Extractor  
  76  7:28  Overlord  
  79  7:37  Hatchery  
  77  7:52  Grooved Spines  
  77  7:55  Drone x2  
  77  7:56  Drone x2, Hydralisk x4  
  77  7:58  Lurker Den  
  88  8:01  Overseer  
  88  8:05  Overlord  
  79  8:30  Zergling x10  
  79  8:31  Zergling x10  
  83  8:45  Roach x4, Hydralisk  
  83  8:47  Overlord x2  
  90  9:00  Hydralisk  
  90  9:02  Overlord x3  
  90  9:08  Hydralisk x3  
  93  9:24  Hydralisk x2  
  93  9:25  Overlord  
  95  9:43  Muscular Augments  
  95  9:44  Hydralisk  
  95  9:45  Hydralisk x2  
  101  9:48  Drone  
  101  9:49  Drone x2  
  101  9:51  Drone  
  106  9:52  Drone  
  106  9:53  Drone x6  
  106  9:55  Overlord  
  112  10:00  Queen  
  114  10:14  Spire  
  105  10:43  Hydralisk x2  
  105  10:44  Hydralisk  
  105  10:46  Lurker x3  
  105  10:49  Roach x2  
  122  10:50  Roach x3  
  122  10:55  Overlord  
  122  10:56  Overlord x4  
  124  11:28  Drone x4  
Show
View Real Time Build Order
Export as new Build Order

Ender Protoss 

Build Orders: Oracle Opening 

Get SALT Encoding   

  12  0:00  Probe  
  13  0:13  Probe  
  14  0:19  Pylon  
  14  0:24  Probe  
  15  0:33  Probe  
  15  0:40  Gateway  
  15  0:41  Probe  
  16  0:49  Assimilator  
  17  0:53  Probe  
  18  0:58  Assimilator  
  18  1:05  Probe  
  19  1:21  Gateway  
  19  1:32  Cybernetics Core  
  19  1:35  Probe  
  20  1:43  Probe  
  20  1:48  Pylon  
  21  1:54  Probe  
  22  2:11  Adept x2  
  26  2:17  Warp Gate  
  26  2:18  Shield Battery, Probe  
  27  2:24  Pylon  
  27  2:31  Probe  
  28  2:41  Stargate  
  28  2:48  Adept  
  28  2:51  Adept  
  32  3:09  Probe  
  33  3:21  Nexus  
  33  3:27  Pylon  
  31  3:39  Oracle  
  31  3:47  Stalker  
  31  3:48  Sentry  
  35  3:51  Probe  
  39  4:03  Probe  
  38  4:22  Oracle  
  41  4:26  Stalker, Sentry  
  43  4:54  Stalker x2  
  47  5:12  Probe, Phoenix  
  47  5:13  Probe  
  51  5:19  Gateway  
  51  5:20  Probe  
  51  5:22  Gateway  
  51  5:25  Assimilator  
  51  5:26  Probe  
  53  5:30  Assimilator  
  53  5:39  Phoenix  
  51  5:54  Adept x2  
  55  5:57  Probe  
  55  5:59  Probe  
  55  6:03  Shield Battery  
  57  6:05  Probe  
  57  6:08  Phoenix  
  57  6:11  Probe  
  61  6:14  Stargate  
  61  6:25  Probe  
  61  6:28  Nexus  
  61  6:31  Pylon  
  62  6:48  Protoss Air Weapons Level 1  
  62  6:53  Fleet Beacon  
  62  6:57  Probe x2  
  64  7:09  Probe x2  
  66  7:29  Probe x2  
  68  7:36  Zealot  
  70  7:41  Pylon  
  70  7:45  Pylon  
  70  7:46  Probe  
  70  7:49  Probe x2  
  73  8:01  Probe  
  73  8:03  Probe x2  
  74  8:20  Adept x4  
  69  8:43  Carrier x2  
  69  8:44  Mothership  
  89  8:53  Probe x2  
  91  9:05  Probe  
  91  9:06  Probe  
  91  9:09  Assimilator  
  93  9:12  Adept x4  
  93  9:13  Assimilator  
  101  9:17  Gateway  
  101  9:20  Pylon x2  
  101  9:21  Gateway  
  101  9:22  Pylon  
  101  9:23  Pylon  
  101  9:34  Probe x2  
  97  9:46  Probe  
  97  9:50  Carrier x2  
  111  9:58  Probe  
  111  10:04  Nexus  
  111  10:34  Forge  
  111  10:35  Probe  
  112  10:38  Probe  
  113  10:46  Pylon  
  113  11:02  Pylon  
  113  11:03  Pylon x2  
  113  11:04  Probe x2  
  127  11:20  Probe x2  
  127  11:21  Probe  
  130  11:30  Photon Cannon x2  
  130  11:32  Probe  
Show
View Real Time Build Order
Export as new Build Order

bbb Protoss 

Build Orders:  

Get SALT Encoding   

  12  0:01  Probe  
  13  0:13  Probe  
  14  0:20  Pylon  
  14  0:25  Probe  
  15  0:35  Probe  
  15  0:40  Gateway  
  16  0:43  Probe  
  17  0:51  Assimilator  
  17  0:52  Probe  
  18  1:00  Assimilator  
  18  1:05  Probe  
  19  1:17  Probe  
  20  1:27  Cybernetics Core  
  20  1:28  Pylon  
  20  1:31  Probe  
  21  1:43  Probe  
  22  1:55  Probe  
  22  2:00  Gateway  
  23  2:01  Warp Gate  
  23  2:08  Probe  
  24  2:15  Stalker  
  24  2:19  Robotics Facility  
  24  2:20  Probe  
  27  2:24  Pylon  
  27  2:32  Probe  
  29  2:44  Probe  
  29  2:56  Probe  
  30  3:07  Nexus  
  30  3:09  Pylon, Observer  
  30  3:10  Probe  
  32  3:22  Probe  
  33  3:28  Forge  
  33  3:34  Probe  
  33  3:38  Immortal  
  38  3:47  Probe  
  39  3:50  Sentry x2  
  39  3:54  Protoss Ground Weapons Level 1  
  43  3:59  Probe  
  44  4:04  Twilight Council  
  44  4:08  Immortal  
  46  4:39  Twilight Council, Probe  
  46  4:40  Probe  
  46  4:43  Stalker  
  46  4:45  Pylon  
  48  5:02  Blink  
  48  5:07  Probe x2  
  50  5:19  Probe x2  
  52  5:26  Gateway  
  52  5:27  Assimilator  
  52  5:28  Gateway x2  
  52  5:29  Assimilator  
  52  5:33  Protoss Ground Weapons Level 2  
  52  5:40  Warp Prism  
  54  5:53  Probe x2  
  56  6:07  Probe x2  
  58  6:12  Nexus  
  58  6:14  Pylon  
  58  6:16  Immortal  
  62  6:21  Templar Archives  
  62  6:26  Pylon  
  62  6:33  Probe x2  
  64  6:42  Psionic Storm  
  64  6:51  Observer  
  64  6:54  Probe  
  64  6:58  Stalker x2  
  69  7:06  Observer  
  59  7:32  Probe  
  59  7:33  Probe  
  61  7:39  Probe  
  62  7:44  Probe  
  62  7:45  Probe  
  62  7:48  Protoss Ground Weapons Level 3  
  64  7:52  Forge  
  64  7:55  Gateway  
  64  7:57  Probe x2, Gateway  
  66  8:01  Immortal  
  70  8:06  Robotics Bay  
  70  8:09  Pylon, Probe  
  70  8:12  Pylon  
  70  8:46  Stalker  
  70  8:47  Stalker x4  
  80  9:05  Zealot x2  
  70  9:38  High Templar  
  70  9:39  High Templar x5  
  70  9:42  Immortal  
  86  10:26  Nexus  
  86  10:27  Pylon  
  86  10:28  Probe x2  
  88  10:40  Probe x2  
  90  10:48  Zealot  
  90  10:49  Zealot x5  
  102  10:56  Pylon  
  102  11:03  Pylon  
  102  11:14  Probe x2  
  104  11:22  Stalker x5  
  114  11:26  Probe x2  
Tags
 
Add a new tag
Caveats
  • Supply blocks, unpowered buildings, or Contaminate may cause inaccurate times.
  • Supply counts are checked every 10 seconds.